 Dungeon Crawl Stone Soup version 0.27.0-1-g7a089689b8 (webtiles) character file.

Game seed: 4445537055060504071

515 olmar the Shield-Bearer (level 7, 0/62 HPs)
             Began as a Deep Dwarf Fighter on July 27, 2021.
             Slain by an unseen horror (5 damage)
             ... on level 6 of the Dungeon on Aug 6, 2021.
             The game lasted 00:05:02 (2429 turns).

olmar the Shield-Bearer (Deep Dwarf Fighter)        Turns: 2429, Time: 00:05:03

Health: 0/62       AC:  7    Str: 22    XL:     7   Next: 0%
Magic:  6/6        EV:  8    Int:  8    God:
Gold:   218        SH: 10    Dex: 12    Spells: 6/6 levels left

rFire    . . .     SeeInvis .   a - +0 war axe
rCold    . . .     Faith    .   c - +0 kite shield
rNeg     . . .     Spirit   .   b - +0 scale mail
rPois    .         Reflect  .   (no helmet)
rElec    .         Harm     .   (no cloak)
rCorr    .         Rampage  .   (no gloves)
Will     +....                  (no boots)
Stlth    ..........             (no amulet)
HPRegen  0.00/turn              (no ring)
MPRegen  0.10/turn              (no ring)

@: no status effects
A: damage resistance, heal wounds, sense surroundings 1, no regeneration
a: Heal Wounds


You were on level 6 of the Dungeon.
You visited 2 branches of the dungeon, and saw 7 of its levels.

You collected 218 gold pieces.

Inventory:

Hand Weapons
 a - a +0 war axe (weapon)
Missiles
 j - 3 curare-tipped darts
Armour
 b - a +0 scale mail (worn)
 c - a +0 kite shield (worn)
Jewellery
 i - a ring of protection from fire
Scrolls
 e - a scroll of torment {unknown}
 f - 5 scrolls of identify {unknown}
 h - a scroll of summoning {unknown}
 m - 2 scrolls of magic mapping {unknown}
 n - a scroll of immolation {unknown}
 o - 2 scrolls of vulnerability {unknown}
 p - a scroll of fear {unknown}
 q - 2 scrolls of teleportation {unknown}
 s - a scroll of brand weapon {unknown}
Potions
 d - 2 potions of might
 g - 3 potions of curing {unknown}
 k - 2 potions of flight {unknown}
 l - a potion of magic {unknown}
 r - a potion of berserk rage {unknown}
 t - a potion of mutation {unknown}


   Skills:
 + Level 3.4 Fighting
 + Level 5.1 Axes
 + Level 5.0 Armour
 + Level 1.4 Dodging
 + Level 5.4 Shields


You had 6 spell levels left.
You didn't know any spells.
Your spell library contained the following spells:

 Spells                   Type           Power      Damage    Failure   Level
 Animate Skeleton         Necr           0%         N/A       98%         1
 Apportation              Tloc           0%         N/A       98%         1
 Corona                   Hex            0%         N/A       98%         1
 Sting                    Tmut/Pois      0%         1d3       98%         1
 Summon Small Mammal      Summ           0%         N/A       98%         1
 Corpse Rot               Necr/Air       N/A        N/A       99%         2
 Poisonous Vapours        Pois/Air       0%         N/A       99%         2
 Olgreb's Toxic Radiance  Pois           0%         N/A       100%        4
 Freezing Cloud           Conj/Ice/Air   0%         6-21      100%        5


Dungeon Overview and Level Annotations

Branches:
Dungeon (6/15)             Temple (1/1) D:4

Altars:
Cheibriados
Elyvilon
Fedhas
Hepliaklqana
Kikubaaqudgha
Nemelex Xobeh
Ru
Sif Muna
Trog
Uskayaw
Vehumet
Wu Jian
Xom
Yredelemnul
Zin


Innate Abilities, Weirdness & Mutations

You are resistant to damage.
You can heal yourself by infusing magical energy.
You passively map a small area around you.
You do not regenerate.


Message History

Press ? for a list of commands and other information.
Something hits you but does no damage.
Deactivating autopickup; reactivate with Ctrl-A.
Something hits you but does no damage. Something hits you but does no damage.
Something hits you! Something hits you but does no damage. Something hits you.
Something hits you. You block something's attack. Something hits you!
* * * LOW HITPOINT WARNING * * *
Something hits you!
* * * LOW HITPOINT WARNING * * *
Something hits you but does no damage.
Something hits you but does no damage. x2
Found a chain mail.
Found 18 stones.
There is a strange disturbance nearby!
Something hits you.
* * * LOW HITPOINT WARNING * * *
Something completely misses you. Something hits you.
Something hits you but does no damage. Something hits you.
* * * LOW HITPOINT WARNING * * *
Something hits you. Something hits you but does no damage.
A howler monkey skeleton comes into view.
A howler monkey skeleton is nearby!
A howler monkey skeleton is nearby!
A howler monkey skeleton is nearby!
A howler monkey skeleton is nearby!
A howler monkey skeleton is nearby!
A howler monkey skeleton is nearby!
A howler monkey skeleton is nearby!
A howler monkey skeleton is nearby!
A howler monkey skeleton is nearby!
A howler monkey skeleton is nearby!
A howler monkey skeleton is nearby!
Something hits you.
You die...

, , , , ...... *
,, * *, * *
.....#.* ** , ,
,, .....Z. ,
.....# *, ,
,..... * * 8 ,
##...# , ,
#....# ∩
.######@...#*
..........#....#
,
.8.#####..#*#.##
, , ,
..........#* .#
, , ..........#,
, ...[#....#, *
, * ,..#....#.##
* .....#...#
*,,, * *
..(.....## **


You could see a howler monkey skeleton.

Vanquished Creatures
  A phantom (D:4)
  A scorpion (D:4)
  A water moccasin skeleton (D:4)
  A howler monkey (D:5)
  4 hounds
  An iguana (D:4)
  An orc wizard (D:4)
  A hound skeleton (D:4)
  2 gnolls
  3 adders
  2 ufetubi (D:5)
  5 orcs
  A ball python (D:3)
  3 endoplasms
  3 giant cockroaches
  5 goblins
  3 hobgoblins
  8 jackals
  2 bats
  3 frilled lizards
  4 kobolds
  3 rats
58 creatures vanquished.

Vanquished Creatures (others)
  A plant (Temple)
1 creature vanquished.

Grand Total: 59 creatures vanquished

Notes
Turn   | Place    | Note
-------+----------+-------------------------------------------
     0 | D:1      | olmar the Deep Dwarf Fighter began the quest for the Orb.
     0 | D:1      | Reached XP level 1. HP: 20/20 MP: 1/1
   353 | D:1      | Reached XP level 2. HP: 18/27 MP: 2/2
   760 | D:2      | Reached XP level 3. HP: 21/34 MP: 3/3
  1153 | D:3      | Reached XP level 4. HP: 41/42 MP: 4/4
  1345 | D:4      | Noticed a phantom
  1347 | D:4      | Found a staircase to the Ecumenical Temple.
  1364 | D:4      | Killed a phantom
  1365 | D:4      | Reached skill level 1 in Dodging
  1365 | D:4      | Reached XP level 5. HP: 14/49 MP: 5/5
  1368 | Temple   | Entered the Ecumenical Temple
  1643 | D:4      | HP: 2/49 [iguana (10)]
  1759 | D:4      | Reached XP level 6. HP: 28/56 MP: 6/6
  1916 | D:4      | Reached skill level 5 in Shields
  1987 | D:4      | Reached skill level 5 in Armour
  2238 | D:5      | Entered Level 5 of the Dungeon
  2316 | D:5      | You fall into a shaft and drop 1 floor!
  2362 | D:6      | Reached skill level 5 in Axes
  2362 | D:6      | Reached XP level 7. HP: 56/62 MP: 7/7
  2409 | D:6      | Upgraded the game from 0.27-b1-23-g44b8eac545 to
                  | 0.27.0-1-g7a089689b8
  2429 | D:6      | Slain by an unseen horror

Illustrated notes

Levels and vault maps discovered:
D:1:      lemuel_arrival_rhombus, layout_loops_ring, minmay_misc_feat_columns
D:2:      layout_basic, serial_shops, shop, basic_altar,
          minmay_misc_feat_four_crosses, uniq_natasha, uniq_crazy_yiuf_cottage
D:3:      layout_rooms, nicolae_overflow_hidden_temple, cheibrodos_gnoll_hut
D:4:      layout_loops_ring, minmay_temple_entry_mist
D:5:      layout_loops_ring
D:6:      layout_loops_cross, grunt_qazlal_clouds,
          nicolae_gozag_cash_rules_everything_around_me,
          mainiacjoe_overflow_tiny_flanked, serial_shops, nicolae_stop_n_shop_2,
          nicolae_shop_crystal, minmay_misc_feat_five
Temple:   regret_index_temple_generic_petals

Skill      XL: |  1  2  3  4  5  6 |
---------------+-------------------+-----
Fighting       | 3 |  3.4
Shields        | 4 5 |  5.4
Axes           | 3 4 5 |  5.1
Armour         | 4 5 |  5.0
Dodging        | 1 |  1.4

Action                   |  1- 3 |  4- 6 |  7- 9 || total
-------------------------+-------+-------+-------++-------
Melee: War axe           |    78 |   163 |     8 ||   249
 Abil: Heal Wounds       |     1 |     6 |     2 ||     9
Armor: Scale mail        |    53 |    96 |    20 ||   169
Dodge: Dodged            |    26 |    47 |     1 ||    74
Block: Kite shield       |    51 |   106 |     8 ||   165
